 Dungeon Crawl Stone Soup version 0.26.1-11-gd32895ea62 (webtiles) character file.

Game seed: 6450869250148217063

32 jlumianski the Grasshopper (level 3, -3/31 HPs)
             Began as a Gnoll Warper on May 1, 2021.
             Killed from afar by Natasha (9 damage)
             ... with a magic dart
             ... on level 2 of the Dungeon.
             The game lasted 00:06:20 (1560 turns).

jlumianski the Grasshopper (Gnoll Warper)           Turns: 1560, Time: 00:06:20

Health: -3/31      AC:  3    Str: 13    XL:     3   Next: 25%
Magic:  7/9        EV: 14    Int: 16    God:
Gold:   68         SH:  0    Dex: 14    Spells: 7/12 levels left

rFire    . . .     SeeInvis .   i - +4 dagger
rCold    . . .     Faith    .   (no shield)
rNeg     . . .     Spirit   .   b - +0 leather armour
rPois    .         Reflect  .   (no helmet)
rElec    .         Harm     .   (no cloak)
rCorr    .         Rampage  .   (no gloves)
Will     .....                  (no boots)
Stlth    +.........             (no amulet)
HPRegen  0.10/turn              (no ring)
MPRegen  0.11/turn              (no ring)

@: no status effects
A: distributed training, fangs 1, strong nose
a: no special abilities


You were on level 2 of the Dungeon.
You visited 1 branch of the dungeon, and saw 2 of its levels.

You collected 68 gold pieces.

Inventory:

Hand Weapons
 a - a +0 hand axe
 i - a +4 dagger (weapon)
Missiles
 c - 95 stones (quivered)
 e - 5 boomerangs of dispersal
Armour
 b - a +0 leather armour (worn)
 k - a +0 buckler
Jewellery
 l - an uncursed ring of protection from cold {unknown}
Scrolls
 d - a scroll of blinking
Potions
 f - a potion of brilliance {unknown}
 g - a potion of mutation {unknown}
 h - a potion of magic {unknown}


   Skills:
 + Level 4.5 Fighting
 + Level 0.7 Short Blades
 + Level 0.7 Long Blades
 + Level 4.5 Axes
 + Level 0.7 Maces & Flails
 + Level 0.7 Polearms
 + Level 0.7 Staves
 + Level 0.7 Slings
 + Level 0.7 Bows
 + Level 0.7 Crossbows
 + Level 2.6 Throwing
 + Level 2.6 Armour
 + Level 4.5 Dodging
 + Level 0.7 Stealth
 + Level 0.7 Shields
 + Level 0.7 Unarmed Combat
 + Level 5.0 Spellcasting
 + Level 0.5 Conjurations
 + Level 0.5 Hexes
 + Level 0.5 Summonings
 + Level 0.5 Necromancy
 + Level 5.4 Translocations
 + Level 0.5 Transmutations
 + Level 0.5 Fire Magic
 + Level 0.5 Ice Magic
 + Level 0.5 Air Magic
 + Level 0.5 Earth Magic
 + Level 0.5 Poison Magic
 + Level 0.9 Invocations
 + Level 0.7 Evocations


You had 7 spell levels left.
You knew the following spells:

 Your Spells              Type           Power        Failure   Level
a - Blink                 Tloc           N/A          3%          2
b - Gell's Gravitas       Tloc           10%          6%          3

Your spell library contained the following spells:

 Spells                   Type           Power        Failure   Level
 Lesser Beckoning         Tloc           10%          6%          3
 Teleport Other           Tloc           21%          6%          3
 Passage of Golubria      Tloc           N/A          21%         4


Dungeon Overview and Level Annotations

Branches:
Dungeon (2/15)

Altars:

Annotations:
D:2 Natasha


Innate Abilities, Weirdness & Mutations

Your experience applies equally to all skills.
You have very sharp teeth.
Your uncanny sense of smell can sniff out nearby items.


Message History

You hit Natasha.
Natasha is almost dead.
Natasha mumbles some strange words.
You feel troubled. Natasha claws you!
You barely miss Natasha.
Natasha is almost dead.
Natasha stares at you and mumbles some strange words.
The magic dart hits you.
* * * LOW HITPOINT WARNING * * *
You barely miss Natasha.
Natasha is almost dead.
Natasha claws you.
* * * LOW HITPOINT WARNING * * *
Casting: Blink (safe; 3% risk of failure)
Confirm with . or Enter, or press ? or * to list all spells.
You blink.
Natasha casts a spell at you. The magic dart hits you!
You die...

#.# #.# ### ... ∆ #.#
#.## ♣ #[# #..
♣K.♣♣≈#.##### #.#
..)...+(#...#####.#
......+.#@........#
♣..♣♣≈#......<♣♣.♣♣ ♣
♣≈#....#♣♣♣♣.♣♣♣ ≈
#§####♣♣PP.PP♣♣#####
## #h# ♣PP..^PP♣♣)...
..###♣♣P.....P♣♣...#
.#..#......⌠........#
#.#.#..♣♣P.....P♣♣...#
. .... ♣PP...PP♣♣...#


You could see Natasha.

Vanquished Creatures
  A worm (D:2)
  A ball python (D:1)
  5 bats
  A giant cockroach (D:2)
  7 goblins (D:1)
  2 hobgoblins (D:1)
  3 frilled lizards (D:1)
  4 kobolds
  4 rats
28 creatures vanquished.

Vanquished Creatures (others)
  3 plants (D:2)
3 creatures vanquished.

Grand Total: 31 creatures vanquished

Notes
Turn   | Place    | Note
-------+----------+-------------------------------------------
     0 | D:1      | jlumianski the Gnoll Warper began the quest for the Orb.
     0 | D:1      | Reached XP level 1. HP: 20/20 MP: 6/6
   237 | D:1      | Reached XP level 2. HP: 26/26 MP: 7/7
   258 | D:1      | Learned a level 2 spell: Blink
   888 | D:1      | Reached XP level 3. HP: 31/31 MP: 9/9
   921 | D:1      | Learned a level 3 spell: Gell's Gravitas
  1223 | D:2      | Reached skill level 5 in Spellcasting
  1546 | D:2      | Noticed Natasha
  1560 | D:2      | Killed from afar by Natasha

Illustrated notes

Levels and vault maps discovered:
D:1:      kennysheep_arrival_seaside, layout_loops_cross,
          kennysheep_small_spiral
D:2:      layout_loops_ring, serial_forest, infiniplex_forest_fountain,
          infiniplex_forest_straight_2, infiniplex_forest_join,
          infiniplex_forest_straight_2, infiniplex_forest_clump_long,
          infiniplex_forest_fountain, infiniplex_forest_clump_small,
          infiniplex_forest_corner_2, kennysheep_generic_room_5, uniq_natasha,
          uniq_crazy_yiuf_cottage

Skill      XL: |  1  2  3 |
---------------+----------+-----
Spellcasting   | 5 |  5.0
Fighting       | |  4.5
Short Blades   | |  0.7
Long Blades    | |  0.7
Axes           | |  4.5
Maces & Flails | |  0.7
Polearms       | |  0.7
Staves         | |  0.7
Slings         | |  0.7
Bows           | |  0.7
Crossbows      | |  0.7
Throwing       | |  2.6
Armour         | |  2.6
Dodging        | |  4.5
Stealth        | |  0.7
Shields        | |  0.7
Unarmed Combat | |  0.7
Conjurations   | |  0.5
Hexes          | |  0.5
Summonings     | |  0.5
Necromancy     | |  0.5
Translocations | |  5.4
Transmutations | |  0.5
Fire Magic     | |  0.5
Ice Magic      | |  0.5
Air Magic      | |  0.5
Earth Magic    | |  0.5
Poison Magic   | |  0.5
Invocations    | |  0.9
Evocations     | |  0.7

Action                   || total
-------------------------++-------
Melee: Hand axe          ||    20
       Dagger            ||    88
       Bite              ||    10
Throw: Stone             ||    12
 Cast: Blink             ||     2
  Use: Scroll            ||     2
Armor: Leather armour    ||    15
Dodge: Dodged            ||    41
